AoeStats
← kable.xpress

Arabia

503312486Analyzed
1v1 RM · 1mo ago on Aug 31, 2026· 45m 23s· 2 players
Game mode
Random Map
Map size
Tiny (2 player)
Population
200
Speed
Normal
Resources
Standard
Victory
Conquest
Starting age
Dark Age
Ending age
Imperial Age
RankedLock teamsTeams togetherTeam positionsShared explorationLock speedFull tech treeHidden civsTurbo modeCheats
Victory
Defeat
🇦🇷 Dravidians · Argentina
2148
+11
🇩🇴 Burgundians · Dominican Republic
2040
-11
RD | Lina
3:23 Double-Bit Axe
6:21 Loom
8:44 Feudal Age
9:44 Bow Saw
12:42 Wheelbarrow
13:12 Horse Collar
15:17 Town Watch
17:05 Fletching
20:30 Castle Age
19:02 Fletching
19:17 Heavy Plow
20:25 Gold Mining
21:01 Padded Archer Armor
20:47 Crossbowman
22:48 Bodkin Arrow
26:18 Ballistics
29:11 Guard Tower
38:18 Imperial Age
37:00 Leather Archer Armor
36:07 Elite Skirmisher
39:07 Hand Cart
39:26 Bracer
40:30 Chemistry
41:56 Scale Barding Armor
43:12 Light Cavalry
43:53 Husbandry
kable.xpress
6:45 Loom
7:08 Loom
9:18 Feudal Age
9:22 Man-at-Arms
9:56 Double-Bit Axe
19:59 Castle Age
18:46 Gold Mining
19:27 Padded Archer Armor
19:17 Fletching
20:35 Bodkin Arrow
20:00 Crossbowman
20:01 Long Swordsman
21:03 Bow Saw
24:06 Padded Archer Armor
24:01 Horse Collar
26:19 Ballistics
30:06 Wheelbarrow
35:25 Imperial Age
34:09 Town Watch
34:16 Stone Mining
34:54 Hand Cart
35:10 Heavy Plow
36:08 Bracer
37:16 Chemistry
36:31 Thumb Ring
36:43 Arbalester
39:06 Leather Archer Armor
39:04 Elite Skirmisher
40:05 Conscription
40:59 Two-Handed Swordsman
41:24 Gambesons
41:39 Squires
42:10 Scale Mail Armor
42:02 Champion
43:08 Chain Mail Armor
43:40 Masonry
43:35 Arson
44:28 Plate Mail Armor
44:08 Forging
Connection lost

Rejoining the realm…

Still unreachable

The connection could not be restored.

Session expired

The server has moved on; the page needs a fresh start.